 Dungeon Sprint DCSS version 0.13-a0-2859-gb62c5ab (webtiles) character file.

1225 Misa the Unseen (level 7, 0/32 HPs)
             Began as a Spriggan Enchanter on Aug 28, 2013.
             Slain by a hippogriff (5 damage)
             ... in the Dungeon (Sprint II: "The Violet Keep of Menkaure").
             The game lasted 00:02:01 (438 turns).

Misa the Unseen (Spriggan Enchanter)                 Turns: 438, Time: 00:02:01

HP   0/32        AC  3     Str  4      XL: 7   Next: 92%
MP  18/18        EV 18     Int 16 (17) God:
Gold 263         SH  0     Dex 18      Spells:  1 memorised,  7 levels left

Res.Fire  : . . .   See Invis. : +   a - +1 dagger {=f}
Res.Cold  : . . .   Warding    : .   b - +1 robe
Life Prot.: . . .   Conserve   : .   (shield restricted)
Res.Poison: .       Res.Corr.  : .   (helmet restricted)
Res.Elec. : .       Clarity    : .   (no cloak)
Sust.Abil.: . .     Spirit.Shd : .   (gloves unavailable)
Res.Mut.  : .       Prev.Telep.: +   (boots unavailable)
Res.Rott. : .       Flight     : .   (no amulet)
Saprovore : . . .                    (no ring)
                                     (no ring)

@: very slightly contaminated, hasted, very quick, somewhat resistant to hostile
enchantments, extraordinarily stealthy
A: unfitting armour, see invisible, herbivore 3, speed 3, slow metabolism 2
a: no special abilities


You were in the Dungeon.
You were very full.

You visited 1 branch You collected 243 gold pieces.

Inventory:

Hand weapons
 a - a +1,+1 dagger (weapon) {=f}
Missiles
 d - 12 darts (quivered)
Armour
 b - a +1 robe (worn)
Scrolls
 k - a scroll of blinking
Potions
 f - a potion of curing
 g - a potion of heal wounds
 i - 2 potions of magic
Books
 c - a book of Maledictions

   Spells                             Type                      Level
   *Corona                            Hexes                        1
   Sure Blade                         Hexes/Charms                 2
   Ensorcelled Hibernation            Hexes/Ice                    2
   Confuse                            Hexes                        3
   Enslavement                        Hexes                        4
   Invisibility                       Hexes                        6


   Skills:
 + Level 13.0 Short Blades
 - Level 1.1 Throwing
 - Level 3.0 Dodging
 + Level 17.6 Stealth
 - Level 1.3 Spellcasting
 - Level 3.6 Hexes


You had 7 spell levels left.
You knew the following spells:

 Your Spells              Type           Power        Failure   Level  Hunger
a - Corona                Hex            ##.....      8%          1    ##.....


Dungeon Overview and Level Annotations

Branches:
Dungeon (1/1)

Altars:

Annotations:
D exclusion: silver statue, Menkaure, Roxanne


Innate Abilities, Weirdness & Mutations

You are tiny and cannot use many weapons and most armour.
You have supernaturally acute eyesight.
You are a herbivore.
You cover ground extremely quickly.
You need consume almost no food.


Message History

The necrophage is moderately damaged.
The hippogriff bites you. The hippogriff closely misses you.
The hippogriff claws you. The necrophage barely misses you.
You hit the necrophage.
The necrophage is moderately damaged.
Casting: Corona
Confirm with . or Enter, or press ? or * to list all spells.
Okay, then.
Drink which item? (? for menu, Esc to quit)
Okay, then.
Drink which item? (? for menu, Esc to quit)
You feel yourself speed up. The hippogriff bites you. The hippogriff pecks you.
The hippogriff claws you.
* * * LOW HITPOINT WARNING * * *
The necrophage closely misses you.
You are very lightly contaminated with residual magic.
You hit the necrophage.
The necrophage is heavily damaged.
The hippogriff bites you.
You die...

..§§§ ##'##
##≈%.##
#.##..#
####%#### #
##.###'# .#
#...##.##.#
+n##'<<<'#
#@H.##.##.#
##.###'##
.# ####...#
# #..#).#
##.$.##
##§## §§≈
#§'' §§≈§#


You could see a hippogriff and a necrophage.

Vanquished Creatures
  A mermaid (D)
  A hippogriff (D)
  3 necrophages (D)
  4 brain worms (D)
9 creatures vanquished.

Notes
Turn   | Place    | Note
--------------------------------------------------------------
     0 | D        | Misa, the Spriggan Enchanter, began the quest for the Orb.
     0 | D        | Reached XP level 1. HP: 9/9 MP: 4/4
     0 | D        | Noticed a hippogriff
     0 | D        | Noticed a hippogriff
     3 | D        | Noticed a brain worm
    23 | D        | Killed a brain worm
    23 | D        | Reached skill level 6 in Short Blades
    23 | D        | Reached skill level 9 in Stealth
    23 | D        | Reached XP level 2. HP: 4/13 MP: 6/6
    23 | D        | Reached XP level 3. HP: 4/16 MP: 9/9
    23 | D        | Reached XP level 4. HP: 5/21 MP: 11/11
    82 | D        | Noticed Menkaure
    82 | D        | Noticed a mermaid
    83 | D        | Noticed a brain worm
    84 | D        | Killed a brain worm
    84 | D        | Reached skill level 11 in Stealth
    84 | D        | Reached XP level 5. HP: 10/24 MP: 13/13
    85 | D        | Noticed a brain worm
    85 | D        | Noticed a brain worm
    98 | D        | Killed a brain worm
    98 | D        | Reached skill level 12 in Stealth
   127 | D        | Killed a brain worm
   127 | D        | Reached skill level 13 in Stealth
   127 | D        | Reached XP level 6. HP: 8/28 MP: 16/16
   168 | D        | Killed a hippogriff
   168 | D        | Reached skill level 10 in Short Blades
   168 | D        | Reached skill level 14 in Stealth
   402 | D        | Noticed Roxanne
   408 | D        | Noticed a necrophage
   408 | D        | Noticed a necrophage
   409 | D        | Noticed a necrophage
   410 | D        | Noticed a necrophage
   413 | D        | Killed a mermaid
   413 | D        | Reached skill level 16 in Stealth
   413 | D        | Reached XP level 7. HP: 32/32 MP: 18/18
   414 | D        | Noticed a silver statue
   422 | D        | Killed a necrophage
   423 | D        | Killed a necrophage
   423 | D        | Reached skill level 17 in Stealth
   426 | D        | Killed a necrophage
   438 | D        | Slain by a hippogriff

Action                   |  1- 3 |  4- 6 |  7- 9 || total
-------------------------+-------+-------+-------++-------
Melee: Dagger            |    19 |    49 |    12 ||    80
  Use: Potion            |       |     2 |     1 ||     3
 Stab: Sleeping          |       |     2 |     3 ||     5
